[Event "*** Titled Tuesday Blitz"]
[Site "Chess.com"]
[Date "2021.03.09"]
[Round "5"]
[White "Korchmar_Vasiliy"]
[Black "ShahMatKanal"]
[Result "1-0"]
[WhiteElo "2646"]
[BlackElo "2492"]
[TimeControl "180+1"]
[EndTime "10:58:21 PST"]
[Termination "Korchmar_Vasiliy won on time"]

1. d4 d5 2. Nf3 Nf6 3. Bf4 c5 4. e3 e6 5. Nbd2 Nc6 6. c3 Bd6 7. Bg3 cxd4 8. exd4 Qc7 9. Bd3 O-O 10. Qe2 Bxg3 11. hxg3 h6 12. Ne5 Nd7 13. Ndf3 Ndxe5 14.
dxe5 f6 15. exf6 Rxf6 16. Bb5 Bd7 17. O-O a6 18. Bxc6 Bxc6 19. a4 Be8 20. Ne5 g5 21. f4 Qg7 22. fxg5 Rxf1+ 23. Rxf1 hxg5 24. Ng4 Bh5 25. Qxe6+ Kh8 26. Nf6 Qh6 27. Qh3 Rf8 28. Qxh5 Rxf6 29.
Qe8+ Kg7 30. Qe7+ 1-0

[Event "*** Titled Tuesday Blitz"]
[Site "Chess.com"]
[Date "2021.03.09"]
[Round "5"]
[White "McCarthyStone"]
[Black "miredenizdogan"]
[Result "1-0"]
[WhiteElo "2424"]
[BlackElo "2253"]
[TimeControl "180+1"]
[EndTime "10:58:21 PST"]
[Termination "McCarthyStone won by checkmate"]

1. b3 d5 2. Bb2 c5 3. e4 dxe4 4. Nc3 Nf6 5. Bb5+ Bd7 6. Qe2 Bxb5 7. Qxb5+ Nbd7 8. Nge2 a6 9. Qxb7 Rb8 10. Qxa6 Rb6 11.
Qa4 g6 12. Nxe4 Bg7 13. Nxf6+ Bxf6 14. Bxf6 exf6 15. O-O Rb4 16. Qc6 O-O 17. c3 Rg4 18. d4 cxd4 19. cxd4 Re8 20. Rfe1 Qe7 21. h3 Re4 22. a4 Nb8 23. Qb6 Rxe2 24. Rxe2 Qxe2 25. Qxf6 Qb2 26. Rf1 Qxb3 27. a5 Re6 28. Qd8+ Kg7 29. d5 Ra6 30. h4 Qb5 31. h5 Rxa5 32. h6+ Kxh6 33. Qf8+ Kh5 34. Qxf7 h6 35. g4+ Kh4 36. Qf6+ g5 37. Qxh6+ Kxg4 38. f3+ Kf5 39. Qe6+ Kf4 40. Qe4+ Kg3 41. Qg4# 1-0

[Event "*** Titled Tuesday Blitz"]
[Site "Chess.com"]
[Date "2021.03.09"]
[Round "5"]
[White "bogcsab"]
[Black "MillyNeuf"]
[Result "0-1"]
[WhiteElo "2161"]
[BlackElo "2282"]
[TimeControl "180+1"]
[EndTime "10:58:22 PST"]
[Termination "MillyNeuf won on time"]

1. d4 Nf6 2. c4 e6 3. Nf3 d5 4. Nc3 Be7 5. cxd5 exd5 6. g3 O-O 7. Bg2 c6 8. O-O Bf5 9. Ne5 Nbd7 10. Nd3 Re8 11.
f3 Bd6 12. Re1 Qb6 13. e3 Re7 14. Nf2 Rae8 15. e4 dxe4 16. fxe4 Bg6 17. e5 Bb8 18. Na4 Qc7 19. Bf4 Qc8 20. Bg5 h6 21. Bh4 Bh7 22.
Qd2 g5 23. Bxg5 hxg5 24. Qxg5+ Kh8 25. Ne4 Nd5 26. Qh6 Rg8 27. Ng5 Rxg5 28. Qxg5 Qg8 0-1

[Event "*** Titled Tuesday Blitz"]
[Site "Chess.com"]
[Date "2021.03.09"]
[Round "5"]
[White "Eltaj_Safarli"]
[Black "kayrakamer"]
[Result "1-0"]
[WhiteElo "2903"]
[BlackElo "2697"]
[TimeControl "180+1"]
[EndTime "10:58:23 PST"]
[Termination "Eltaj_Safarli won by resignation"]

1. e4 c5 2. Nc3 e6 3. Nf3 a6 4. g3 b5 5. Bg2 Bb7 6. d4 cxd4 7. Nxd4 Nf6 8. O-O b4 9. Na4 Bxe4 10. Bxe4 Nxe4 11. Re1 Nc5 12. c4 Nxa4 13. Qxa4 Be7 14. Bf4 O-O 15. Rad1 Qc8 16. b3 Nc6 17. Nxc6 Qxc6 18.
Qxc6 dxc6 19. Rd7 Rfe8 20. Red1 Red8 21. Kg2 Kf8 22. R1d2 Ke8 23. Rc7 Rxd2 24. Bxd2 Kd8 25. Rxc6 Kd7 26. Rb6 Kc7 27. Be3 a5 28. c5 a4 29.
Bf4+ Kc8 30. Rxb4 axb3 31. axb3 Ra5 32. Rb8+ Kd7 33. Rb7+ Ke8 34. b4 Ra2 35. c6 Rc2 36. Rb8+ 1-0

[Event "*** Titled Tuesday Blitz"]
[Site "Chess.com"]
[Date "2021.03.09"]
[Round "5"]
[White "boasovietica"]
[Black "VladimirPotkin"]
[Result "0-1"]
[WhiteElo "2438"]
[BlackElo "2607"]
[TimeControl "180+1"]
[EndTime "10:58:24 PST"]
[Termination "VladimirPotkin won by resignation"]

1. e4 c5 2. Nf3 e6 3. Nc3 Nc6 4.
d4 cxd4 5. Nxd4 Qc7 6. Nb3 a6 7.
Bd3 b5 8. O-O Bb7 9. f4 Nb4 10.
Qf3 Nf6 11. Bd2 Be7 12. Kh1 O-O 13. Rae1 Nxd3 14. cxd3 d5 15. e5 d4 16. Ne4 Nxe4 17. dxe4 Qc2 18. Rf2 Rac8 19. Bb4 Bxb4 20. Rxc2 Rxc2 21.
Rd1 Rd8 22. h3 Rxb2 23. Rxd4 Rxd4 24. Nxd4 g6 25. Nb3 Rxa2 26. Qd3 Bf8 27. Nd4 b4 28.
Nf3 a5 29. Qd7 Bxe4 30. Ng5 Bxg2+ 31. Kg1 Bc5+ 32. Kh2 Bc6+ 0-1

[Event "*** Titled Tuesday Blitz"]
[Site "Chess.com"]
[Date "2021.03.09"]
[Round "5"]
[White "Koalaskakistis"]
[Black "dolynachess"]
[Result "0-1"]
[WhiteElo "2553"]
[BlackElo "2438"]
[TimeControl "180+1"]
[EndTime "10:58:24 PST"]
[Termination "dolynachess won by checkmate"]

1. d4 Nf6 2. Bf4 c5 3. d5 b5 4. g3 d6 5. Bg2 g6 6. e4 Bg7 7. Ne2 O-O 8. O-O a5 9. c4 bxc4 10. Na3 Ba6 11. Qc2 Nbd7 12. Nxc4 Nb6 13. Nxb6 Qxb6 14.
Rab1 a4 15. Rfe1 Ng4 16. h3 Ne5 17. Bxe5 Bxe5 18. f4 Bg7 19. Nc3 a3 20. bxa3 Qa5 21. e5 Rfb8 22. Ne4 Qxa3 23. exd6 exd6 24. Nxd6 Qxg3 25.
Rxb8+ Rxb8 26. Qe4 Bh6 27. Nxf7 Bxf4 28. Qe6 Qh2+ 29.
Kf2 Rb2+ 30. Kf3 Qg3+ 31. Ke4 Bd3# 0-1

[Event "*** Titled Tuesday Blitz"]
[Site "Chess.com"]
[Date "2021.03.09"]
[Round "5"]
[White "ymoy"]
[Black "SharapovEvgeny"]
[Result "0-1"]
[WhiteElo "2607"]
[BlackElo "2487"]
[TimeControl "180+1"]
[EndTime "10:58:25 PST"]
[Termination "SharapovEvgeny won by checkmate"]

1. e4 c5 2. Nf3 d6 3. d4 cxd4 4. Nxd4 Nf6 5. Nc3 Nc6 6. Bg5 Qb6 7. Nb3 e6 8. Qd2 Be7 9. O-O-O O-O 10. Be3 Qc7 11.
f3 Rd8 12. g4 d5 13. exd5 Nxd5 14. Nxd5 Rxd5 15. Qe1 Nb4 16. c3 Rxd1+ 17. Qxd1 Nd5 18.
Bd2 b6 19. Bd3 a5 20. Nd4 e5 21. Nb5 Qc5 22. Re1 f6 23. Qc2 h6 24. Qa4 Be6 25. Qe4 Kf8 26. Qh7 Bg8 27. Qh8 Nb4 28.
Bh7 Kf7 29. Na3 Bxh7 30. Qxh7 Rd8 31. Be3 Nd3+ 32. Kb1 Qc6 33. Rf1 Bxa3 34. Qf5 Bxb2 35. f4 Bxc3 36. fxe5 Qb5+ 37. Kc2 Qb2+ 38. Kd1 Nf2# 0-1

[Event "*** Titled Tuesday Blitz"]
[Site "Chess.com"]
[Date "2021.03.09"]
[Round "5"]
[White "AliKa2810"]
[Black "Funo09"]
[Result "0-1"]
[WhiteElo "2548"]
[BlackElo "2728"]
[TimeControl "180+1"]
[EndTime "10:58:26 PST"]
[Termination "Funo09 won on time"]

1. c4 e5 2. Nc3 Bb4 3. Nd5 Be7 4. d4 d6 5. g3 c6 6. Nxe7 Qxe7 7.
Bg2 f5 8. dxe5 dxe5 9. Nf3 Nf6 10. O-O O-O 11. b3 Na6 12. Bb2 e4 13. Nd4 Bd7 14.
Qc1 Rad8 15. Ba3 Nc5 16. Qc3 Rfe8 17. Rad1 b6 18. h3 Qe5 19. Qe3 h6 20. Bb2 Qc7 21. b4 Na4 22. Ba1 c5 23. bxc5 Nxc5 24. Nb5 Bxb5 25.
cxb5 Nd5 26. Qa3 f4 27. Rc1 e3 28.
Bxd5+ Rxd5 29. fxe3 Rxe3 30. Qb4 Rxg3+ 31. Kh2 f3 0-1

[Event "*** Titled Tuesday Blitz"]
[Site "Chess.com"]
[Date "2021.03.09"]
[Round "5"]
[White "AradNazari"]
[Black "chessmachine14"]
[Result "1-0"]
[WhiteElo "2504"]
[BlackElo "2320"]
[TimeControl "180+1"]
[EndTime "10:58:26 PST"]
[Termination "AradNazari won on time"]

1. e4 c5 2. Nf3 e6 3. d4 cxd4 4. Nxd4 Nf6 5. Bd3 d6 6. O-O Be7 7. Re1 O-O 8. c4 b6 9. Nc3 Bb7 10. b3 a6 11. Bb2 Nbd7 12. Rc1 Rc8 13. Bb1 Qc7 14. Qd3 Qb8 15. Qh3 Nc5 16. f3 Bc6 17. Nce2 b5 18. Nxc6 Rxc6 19. Nd4 Rc7 20. cxb5 axb5 21. b4 Na4 22. Ba1 Rfc8 23. Rxc7 Rxc7 24.
Nxe6 fxe6 25. Qxe6+ Kh8 26. e5 dxe5 27. Bxe5 Qa7+ 28.
Kh1 Nc3 29. Bxc7 Ncd5 30. Bg3 g6 31. Qf7 Qd4 32. Be5 Qd2 33. Bxf6+ Nxf6 34. Rg1 Qxb4 35. Be4 Nxe4 36. fxe4 Qxe4 37. Qe8+ Kg7 38. Qxb5 Qe3 39. Rf1 Bc5 40. Qd7+ 1-0

[Event "*** Titled Tuesday Blitz"]
[Site "Chess.com"]
[Date "2021.03.09"]
[Round "5"]
[White "buhomurciano"]
[Black "NovikovaGalina"]
[Result "0-1"]
[WhiteElo "2244"]
[BlackElo "2407"]
[TimeControl "180+1"]
[EndTime "10:58:26 PST"]
[Termination "NovikovaGalina won on time"]

1. e4 e6 2. d4 d5 3. Nd2 a6 4.
Ngf3 c5 5. exd5 exd5 6. Be2 Nf6 7. O-O Be7 8. c4 O-O 9. dxc5 Bxc5 10. b3 Nc6 11.
Bb2 d4 12. Re1 Bg4 13. Nxd4 Bxd4 14. Bxd4 Nxd4 15. Bxg4 Nxg4 16. Qxg4 Nc2 17. Nf3 Nxa1 18.
Rxa1 Re8 19. h4 h6 20. Nd4 Qf6 21. Rf1 Re5 22. Nc2 Rae8 23. Ne3 Re4 24. Qd7 R4e7 25. Qd5 Re5 26. Qxb7 Qxh4 27. g3 Qh3 28. Qg2 Qd7 29.
Rd1 Qe7 30. Nd5 Qa3 31. Rd2 Qc1+ 32. Qf1 Re1 0-1

[Event "*** Titled Tuesday Blitz"]
[Site "Chess.com"]
[Date "2021.03.09"]
[Round "5"]
[White "krzyzan94"]
[Black "goldihouse"]
[Result "0-1"]
[WhiteElo "2718"]
[BlackElo "2572"]
[TimeControl "180+1"]
[EndTime "10:58:27 PST"]
[Termination "goldihouse won by resignation"]

1. c4 e5 2. g3 Nf6 3. Bg2 h6 4. Nc3 Bb4 5. Nf3 Nc6 6. O-O Bxc3 7. bxc3 d6 8. d3 Kf8 9. e4 Kg8 10. Nh4 Bg4 11. f3 Be6 12. Rb1 Rb8 13. f4 a6 14.
f5 Bd7 15. d4 b5 16. c5 Na5 17. dxe5 dxe5 18. Qe2 Nc4 19. h3 Qe7 20. g4 Qxc5+ 21.
Kh2 Bc6 22. g5 hxg5 23. Bxg5 Rd8 24. Rbd1 Rd6 25. Rxd6 cxd6 26. Bf3 Kf8 27. Ng2 Ke7 28. Rd1 Bb7 29. Ne1 a5 30. Nc2 Bc6 31. Ne3 Kd7 32.
Bxf6 gxf6 33. Ng4 Ke7 34. Kg3 a4 35. h4 a3 36. h5 Nb2 37. Rh1 Qxc3 38. h6 Nc4 39. h7 Nd2 40. Ne3 Nxe4+ 41. Bxe4 Bxe4 42. Rh4 d5 43. Kh2 Qb2 44. Nxd5+ Bxd5 45. Qxb2 axb2 46. Rb4 Bc4 47. Rxb2 Rxh7+ 48. Kg3 Rg7+ 49. Kf3 Rg5 50. Ke4 Kd6 51. Rd2+ Kc5 52. Rd8 Rg4+ 53. Ke3 Rf4 54. a3 Rxf5 55. Rc8+ Kb6 56. Rd8 Be6 57. Rd6+ Kc5 58.
Rd8 Rf4 0-1

[Event "*** Titled Tuesday Blitz"]
[Site "Chess.com"]
[Date "2021.03.09"]
[Round "5"]
[White "KhamzinOlzhas"]
[Black "A-S-00"]
[Result "1-0"]
[WhiteElo "2546"]
[BlackElo "2396"]
[TimeControl "180+1"]
[EndTime "10:58:28 PST"]
[Termination "KhamzinOlzhas won by resignation"]

1. e4 c5 2. Nc3 e6 3. g3 Nc6 4. Bg2 g6 5. d3 Bg7 6. Nge2 Nge7 7. Bg5 O-O 8. Qd2 Re8 9. Bh6 Bh8 10. h4 d5 11. h5 dxe4 12. hxg6 fxg6 13. Bxe4 Nf5 14. g4 Nfd4 15. Nxd4 Nxd4 16. O-O-O Qe7 17. f4 Rb8 18. Bg5 Qf7 19. Rh3 e5 20. f5 gxf5 21. gxf5 Bxf5 22. Bxf5 Nxf5 23. Kb1 b5 24. Ne4 Rb7 25. Rf1 Qg6 26. Be3 Bg7 27. Bxc5 Qc6 28. Rxf5 Qe6 29. Qf2 Rc7 30. Rhf3 1-0

[Event "*** Titled Tuesday Blitz"]
[Site "Chess.com"]
[Date "2021.03.09"]
[Round "5"]
[White "urutodo"]
[Black "Iskusnyh"]
[Result "0-1"]
[WhiteElo "2300"]
[BlackElo "2591"]
[TimeControl "180+1"]
[EndTime "10:58:28 PST"]
[Termination "Iskusnyh won by resignation"]

1. e4 e6 2. d4 d5 3. exd5 exd5 4. Bf4 Bd6 5. Qd2 Nf6 6. Nc3 O-O 7. O-O-O c6 8. Bd3 b5 9. Nge2 a5 10. Bxd6 Qxd6 11.
Qf4 Qd8 12. Ng3 a4 13. Rhe1 b4 14. Nce2 b3 15. a3 bxc2 16. Bxc2 Ra7 17. Nf5 Bxf5 18. Qxf5 Na6 19. Ng3 g6 20. Qf4 Nc7 21. Re2 Ne6 22. Qd2 Qd6 23. Rde1 Nf4 24. Re5 Nxg2 25. Rg1 Nh4 26.
Qh6 Ng4 27. Qxh4 Nxe5 28. dxe5 Qxe5 29. Nh5 f5 30. f4 Qe3+ 31. Kb1 Qxg1+ 32. Ka2 gxh5 33.
Qxh5 Qg6 0-1

[Event "*** Titled Tuesday Blitz"]
[Site "Chess.com"]
[Date "2021.03.09"]
[Round "5"]
[White "Sanyura"]
[Black "Murad_Ibrahimli"]
[Result "1-0"]
[WhiteElo "2624"]
[BlackElo "2854"]
[TimeControl "180+1"]
[EndTime "10:58:29 PST"]
[Termination "Sanyura won by resignation"]

1. e4 c5 2. Nf3 d6 3. d4 cxd4 4.
Nxd4 Nf6 5. Nc3 a6 6. h3 e5 7.
Nde2 b5 8. g4 Bb7 9. Bg2 b4 10.
Nd5 Nxd5 11. exd5 h5 12. gxh5 Rxh5 13. Ng3 Rh8 14. Bd2 a5 15. c3 bxc3 16. Bxc3 Nd7 17.
O-O Qh4 18. Re1 g6 19. Rc1 Be7 20. Re4 Qf6 21. Qa4 Bxd5 22. Rd1 Be6 23. Rxe5 dxe5 24. Bxa8 Kf8 25. Rxd7 Bxd7 26. Qxd7 Kg7 27. Bg2 Rd8 28. Qb5 Rd1+ 29. Nf1 Bd6 30. Qe2 Ra1 31. a3 Qf4 32. Bd2 Qd4 33. Bxa5 e4 34. Bc3 1-0

[Event "*** Titled Tuesday Blitz"]
[Site "Chess.com"]
[Date "2021.03.09"]
[Round "5"]
[White "WiktoriaPOL"]
[Black "Kostukov_Alex"]
[Result "0-1"]
[WhiteElo "2068"]
[BlackElo "2322"]
[TimeControl "180+1"]
[EndTime "10:58:29 PST"]
[Termination "Kostukov_Alex won on time"]

1. e4 c5 2. d4 cxd4 3. c3 g6 4. cxd4 d5 5. e5 Nc6 6. Nc3 Bg7 7. f4 Nh6 8. Nf3 Bg4 9. Be3 Nf5 10. Bf2 O-O 11.
Be2 e6 12. h3 Bxf3 13. Bxf3 f6 14. O-O fxe5 15. fxe5 Nh4 16. Bg4 Nf5 17. Qd3 Qg5 18. Rae1 h5 19. Bf3 Nh4 20. Bxh4 Qxh4 21. Rd1 Kh7 22.
Rd2 Bh6 23. Rdd1 Bf4 24. Ne2 Bh6 25. Kh2 Qg5 26. g3 Rf7 27. h4 Qf5 28. Bxh5 Qxd3 29.
Rxf7+ Kg8 30. Rxd3 Kxf7 31. Rf3+ Kg7 32. Bg4 Nd8 33.
Rc3 Nc6 34. Bxe6 Rf8 35. Kg2 Be3 0-1

[Event "*** Titled Tuesday Blitz"]
[Site "Chess.com"]
[Date "2021.03.09"]
[Round "5"]
[White "TheCavemanChesss"]
[Black "superjem123"]
[Result "1-0"]
[WhiteElo "2580"]
[BlackElo "2701"]
[TimeControl "180+1"]
[EndTime "10:58:30 PST"]
[Termination "TheCavemanChesss won on time"]

1. e4 e5 2. Nf3 Nc6 3. Bc4 Bc5 4. c3 Nf6 5. d4 exd4 6. e5 d5 7. Bb5 Ne4 8. cxd4 Bb6 9. Nc3 Bg4 10. Be3 O-O 11.
h3 Bh5 12. Qc2 f5 13. Nxd5 Kh8 14. Bxc6 bxc6 15. Nf4 Ba5+ 16. Kf1 Bf7 17. Qxc6 Rb8 18. e6 Be8 19. Qc2 g5 20. Nd3 Bb5 21. Kg1 f4 22. Nde5 Qd5 23. Bc1 Rbe8 24. h4 g4 25.
Ng5 Nf6 26. Bxf4 Qxd4 27. Nef7+ Kg8 28. Be5 Qd3 29. Bxf6 1-0

[Event "*** Titled Tuesday Blitz"]
[Site "Chess.com"]
[Date "2021.03.09"]
[Round "5"]
[White "Blitzking642"]
[Black "FredyMatsuura"]
[Result "1-0"]
[WhiteElo "2413"]
[BlackElo "2201"]
[TimeControl "180+1"]
[EndTime "10:58:30 PST"]
[Termination "Blitzking642 won by resignation"]

1. e4 c5 2. Nf3 e6 3. d4 cxd4 4. Nxd4 Nf6 5. Nc3 d6 6. Be2 Nc6 7. O-O Be7 8. Be3 O-O 9. f4 Bd7 10. Nb3 a5 11. a4 Nb4 12. Bf3 Bc6 13. Nd4 Re8 14. Nxc6 bxc6 15. Ne2 e5 16. c3 exf4 17. Bxf4 Na6 18. Nd4 Qb6 19. Kh1 Qxb2 20. Nxc6 Bf8 21. Qd4 Rac8 22. Rab1 Qa3 23. e5 dxe5 24. Bxe5 Re6 25.
Nxa5 Bc5 26. Qf4 Nd7 27. Bg4 Nxe5 28. Bxe6 fxe6 29. Qxe5 Qa2 30. Nb3 Re8 31. Nxc5 Nxc5 32. Qxc5 Qxa4 33. Qb5 1-0

[Event "*** Titled Tuesday Blitz"]
[Site "Chess.com"]
[Date "2021.03.09"]
[Round "5"]
[White "szachuspl"]
[Black "TorFredrikKaasen"]
[Result "0-1"]
[WhiteElo "2509"]
[BlackElo "2705"]
[TimeControl "180+1"]
[EndTime "10:58:32 PST"]
[Termination "TorFredrikKaasen won by resignation"]

1. d4 Nf6 2. c4 g6 3. Nc3 d5 4. Nf3 Bg7 5. h4 dxc4 6. Bf4 c5 7.
d5 Qa5 8. Bd2 b5 9. e4 b4 10. e5 Nfd7 11. e6 fxe6 12. dxe6 bxc3 13. exd7+ Nxd7 14. bxc3 Nb6 15. Be2 Bf5 16. O-O O-O-O 17. Qc1 Rd7 18. a4 Rhd8 19. Ra3 Be4 20. Be3 Bd3 21.
Re1 Bxe2 22. Qb2 Bxf3 23. gxf3 Rd1 24. Rxd1 Rxd1+ 25. Kg2 Nd5 26. Bd2 Qc7 27. Qc2 Rxd2 28. Qxd2 Nf4+ 29. Kf1 Nd3 30. Kg2 Qd6 31. Ra1 Nf4+ 0-1

[Event "*** Titled Tuesday Blitz"]
[Site "Chess.com"]
[Date "2021.03.09"]
[Round "5"]
[White "kakakz"]
[Black "AlexPapasimakopoulos"]
[Result "0-1"]
[WhiteElo "2411"]
[BlackElo "2589"]
[TimeControl "180+1"]
[EndTime "10:58:33 PST"]
[Termination "AlexPapasimakopoulos won by resignation"]

1. g3 f5 2. d3 Nf6 3. Bg2 g6 4. e4 d6 5. Ne2 Bg7 6. O-O Nc6 7.
Nbc3 O-O 8. h3 e5 9. Be3 Be6 10.
Nd5 Qd7 11. Kh2 Rae8 12. Qd2 Ne7 13. Nxf6+ Rxf6 14. d4 fxe4 15. dxe5 dxe5 16. Nc3 Qxd2 17. Bxd2 Rd8 18. Nxe4 Rff8 19. Bg5 Kf7 20. Nc5 Bd5 21. Bxe7 Kxe7 22. Bxd5 Rxd5 23. Ne4 Rd4 24. Rae1 Kd7 25.
Kg2 b6 26. c3 Rd5 27. Re2 a5 28. a4 Kc6 29. Rfe1 h6 30. Nd2 Kc5 31. Ne4+ Kc4 32. g4 Kb3 33. Ra1 Rfd8 34. h4 Rd1 35. Ra3+ Kc4 36. h5 gxh5 37. gxh5 R8d3 38. Ng3 Bf8 39. Nf5 Bxa3 40. Ne3+ Kb3 41. Nxd1 Rxd1 42. bxa3 Rd5 43. Re3 Rc5 44. Kf3 e4+ 45. Kxe4 Rxh5 46. Kd4 Rf5 47. Re7 c5+ 48. Kd3 Rf3+ 49. Ke2 Rf6 50. Re6 Rxe6+ 0-1

[Event "*** Titled Tuesday Blitz"]
[Site "Chess.com"]
[Date "2021.03.09"]
[Round "5"]
[White "cukin84"]
[Black "Barbus89"]
[Result "1-0"]
[WhiteElo "2122"]
[BlackElo "2249"]
[TimeControl "180+1"]
[EndTime "10:58:33 PST"]
[Termination "cukin84 won by checkmate"]

1. e4 c6 2. d4 d5 3. exd5 cxd5 4. Bd3 Nc6 5. c3 Nf6 6. h3 g6 7. Nf3 Bf5 8. Bxf5 gxf5 9. Bf4 e6 10. O-O Bd6 11. Qd2 Ne4 12. Qe3 Rg8 13. Nbd2 Qc7 14. Bxd6 Qxd6 15. b4 Ne7 16. Ne5 Ng6 17. Ndf3 f6 18.
Nxg6 Rxg6 19. Nh4 Rg7 20. f3 Ng3 21. Rfe1 Kf7 22. Rac1 Rag8 23. c4 f4 24. Qd3 Nf5 25. Nxf5 Rxg2+ 26. Kh1 exf5 27. Qxf5 Rxa2 28. Qxh7+ Rg7 29.
Qh5+ Rg6 30. Rg1 f5 31. Qxf5+ Kg7 32. Rxg6+ Qxg6 33. Rg1 Qg3 34. Rxg3+ fxg3 35. Qg4+ Kf6 36. Qxg3 dxc4 37. Qe5+ Kg6 38. Qe6+ Kg5 39. Qxc4 Rf2 40. Qd5+ Kh4 41. Qe4+ Kxh3 42. Qg4# 1-0

[Event "*** Titled Tuesday Blitz"]
[Site "Chess.com"]
[Date "2021.03.09"]
[Round "5"]
[White "NiranjanNavalgund"]
[Black "Fighter008"]
[Result "0-1"]
[WhiteElo "2448"]
[BlackElo "2621"]
[TimeControl "180+1"]
[EndTime "10:58:34 PST"]
[Termination "Fighter008 won by resignation"]

1. e4 c5 2. Nf3 b6 3. d4 cxd4 4.
Nxd4 Bb7 5. Nc3 a6 6. Bc4 e6 7. O-O Qc7 8. Bb3 Nf6 9. Qe2 Bc5 10. e5 Bxd4 11. exf6 Bxf6 12. Nd5 Bxd5 13. Bxd5 Nc6 14.
Be3 O-O 15. Bf3 d5 16. c3 b5 17. a4 b4 18. cxb4 Nxb4 19. Rac1 Qb7 20. g4 g6 21. g5 Bg7 22. h4 Rfc8 23. Kg2 Qd7 24. h5 Nc6 25. hxg6 hxg6 26. Rh1 Rab8 27. Qxa6 Rxb2 28.
Bb6 Rb8 29. a5 Ne5 30. Rc7 Qa4 31. Qa7 Rf8 32. Bc5 Nxf3 33. Bxf8 Qg4+ 34. Kf1 Rb1+ 35. Ke2 Qe4+ 36. Qe3 Nd4+ 37. Kd2 Rb2+ 38. Kd1 Qxh1+ 39.
Qe1 Rb1+ 0-1

[Event "*** Titled Tuesday Blitz"]
[Site "Chess.com"]
[Date "2021.03.09"]
[Round "5"]
[White "PotapovaM"]
[Black "imdvb6307"]
[Result "1-0"]
[WhiteElo "2523"]
[BlackElo "2377"]
[TimeControl "180+1"]
[EndTime "10:58:34 PST"]
[Termination "PotapovaM won on time"]

1. d4 d5 2. c4 c6 3. Nf3 Nf6 4. g3 e6 5. Bg2 dxc4 6. O-O Nbd7 7.
Qc2 Be7 8. Nbd2 Nb6 9. Nxc4 Nxc4 10. Qxc4 O-O 11. Rd1 Qd5 12. Qc2 Rd8 13. Bf4 Qa5 14.
a3 Nd5 15. Bd2 Qb6 16. e4 Nf6 17. Bc3 c5 18. Rac1 Bd7 19. dxc5 Qxc5 20. Qb3 Qb5 21.
Qc2 Rac8 22. Nd4 Qa4 23. Qe2 e5 24. Nc2 Bb5 25. Qe1 Nd7 26. Ne3 Rc6 27. Nd5 Bf8 28.
Bh3 Bc4 29. Ne3 Be6 30. Bf1 Rdc8 31. Rd2 Nb6 32. Rcd1 Be7 33. Bxe5 Nc4 34. Nxc4 Bxc4 35. Bg2 Bb3 36. Rb1 f6 37. Bc3 Rd6 38. e5 1-0

[Event "*** Titled Tuesday Blitz"]
[Site "Chess.com"]
[Date "2021.03.09"]
[Round "5"]
[White "lider34"]
[Black "Bigfish1995"]
[Result "0-1"]
[WhiteElo "2472"]
[BlackElo "3076"]
[TimeControl "180+1"]
[EndTime "10:58:35 PST"]
[Termination "Bigfish1995 won by resignation"]

1. e4 c5 2. c3 Nf6 3. e5 Nd5 4. d4 cxd4 5. Nf3 d6 6. cxd4 Nc6 7. Bc4 e6 8. O-O Be7 9. Re1 O-O 10. Qe2 dxe5 11.
dxe5 Bd7 12. Qe4 Rc8 13. Bd3 g6 14. Bh6 Re8 15. Nbd2 Ncb4 16. Bc4 Bc6 17. Nd4 Bg5 18. Nxc6 Nxc6 19. Bxg5 Qxg5 20. Nf3 Qe7 21. a3 Red8 22.
Rad1 Nb6 23. Bb5 Kg7 24. h3 a6 25. Be2 h6 26. Rxd8 Rxd8 27. Rd1 Rxd1+ 28. Bxd1 Qc5 29.
Qf4 Nd7 30. Ba4 b5 31. Bb3 Ndxe5 32. Nxe5 Qxe5 33. Qd2 Qd4 34. Qc2 Ne5 35. Qc7 Nd3 36. Bxe6 Qxf2+ 37. Kh1 Qe1+ 38. Kh2 Qxe6 0-1

[Event "*** Titled Tuesday Blitz"]
[Site "Chess.com"]
[Date "2021.03.09"]
[Round "5"]
[White "Klavdia_Nik"]
[Black "Chamal_Gedgafov"]
[Result "0-1"]
[WhiteElo "2048"]
[BlackElo "2265"]
[TimeControl "180+1"]
[EndTime "10:58:35 PST"]
[Termination "Chamal_Gedgafov won on time"]

1. Nf3 d5 2. c4 dxc4 3. Na3 c6 4.
Nxc4 Nf6 5. b3 g6 6. Bb2 Bg7 7. g3 Bg4 8. Bg2 O-O 9. O-O Nbd7 10. h3 Be6 11. Nd4 Bd5 12. f3 Nb6 13. Nxb6 Qxb6 14. e3 e5 15. Ne2 Rfe8 16. Kh2 Nd7 17. e4 Be6 18. d4 exd4 19. Bxd4 Bxd4 20. Qxd4 Rad8 21. Qxb6 axb6 22. Rfd1 Nc5 23. Nf4 Bc8 24. g4 h6 25. h4 Kg7 26. Kg3 Kf6 27. Nh3 b5 28.
g5+ hxg5 29. hxg5+ Ke7 30. Nf4 Ne6 31. Nxe6 Bxe6 32.
Bh3 c5 33. Bxe6 Kxe6 34. f4 Rc8 0-1

[Event "*** Titled Tuesday Blitz"]
[Site "Chess.com"]
[Date "2021.03.09"]
[Round "5"]
[White "Anaiy"]
[Black "Khnykin_Nikolay"]
[Result "1-0"]
[WhiteElo "2222"]
[BlackElo "2045"]
[TimeControl "180+1"]
[EndTime "10:58:36 PST"]
[Termination "Anaiy won by checkmate"]

1. d4 Nf6 2. c4 c5 3. d5 b5 4.
cxb5 a6 5. bxa6 Bxa6 6. Nc3 e6 7.
e4 d6 8. Bxa6 Nxa6 9. dxe6 fxe6 10. Nf3 Be7 11. O-O O-O 12. e5 dxe5 13. Nxe5 Qxd1 14.
Rxd1 Rad8 15. Bg5 Nb8 16. f3 h6 17. Bh4 g5 18. Bf2 Kg7 19. a4 Rd6 20. a5 Ra6 21. h4 Rd8 22. Rxd8 Bxd8 23. hxg5 hxg5 24. Be3 Rxa5 25. Rxa5 Bxa5 26. Bxg5 Bxc3 27. bxc3 Nbd7 28. Nxd7 Nxd7 29. Kf2 c4 30. Ke3 Nb6 31. Kd4 Kg6 32. Bd8 Nd5 33. g3 Kf7 34. Kxc4 Ne3+ 35. Kd3 Nd5 36.
c4 Nf6 37. Bxf6 Kxf6 38. Ke4 Ke7 39. Ke5 Kd7 40. g4 Ke7 41. g5 Kf7 42. c5 Ke7 43. c6 Ke8 44. Kxe6 Kd8 45. g6 Kc7 46. g7 Kxc6 47.
g8=Q Kc7 48. f4 Kc6 49. f5 Kb5 50. f6 Kc5 51. f7 Kd4 52. f8=Q Kd3 53. Qf4 Kc3 54.
Qgg3+ Kc2 55. Qff2+ Kc1 56. Qgg1# 1-0

[Event "*** Titled Tuesday Blitz"]
[Site "Chess.com"]
[Date "2021.03.09"]
[Round "5"]
[White "zacachess"]
[Black "OlifantCZ"]
[Result "0-1"]
[WhiteElo "2483"]
[BlackElo "2302"]
[TimeControl "180+1"]
[EndTime "10:58:37 PST"]
[Termination "OlifantCZ won on time"]

1. e4 e6 2. d4 d5 3. e5 c5 4.
c3 Nc6 5. Nf3 Bd7 6. Be2 Nge7 7.
O-O Nf5 8. Bd3 Nh4 9. Nbd2 cxd4 10. cxd4 Be7 11. Nxh4 Bxh4 12. Nf3 Be7 13. Be3 Nb4 14. Be2 Rc8 15. a3 Nc2 16. Rc1 Nxe3 17. fxe3 O-O 18.
Bd3 Qb6 19. Qe2 Ba4 20. Qd2 Bb3 21. Bb1 Bc4 22. Rfe1 a5 23. Rc3 a4 24. Rec1 Qa6 25. e4 b5 26. exd5 Bxd5 27. Ng5 g6 28. Ne4 Bxe4 29.
Bxe4 b4 30. Rc6 Rxc6 31. Rxc6 Qb5 32. axb4 Bxb4 33. Qc2 a3 34. bxa3 Bxa3 35. Rc8 Qb4 36. Rxf8+ Kxf8 37. Qd1 Bb2 38. Bf3 Bxd4+ 39. Kf1 Bxe5 40.
Qd8+ Kg7 41. Qd1 Qc4+ 0-1

[Event "*** Titled Tuesday Blitz"]
[Site "Chess.com"]
[Date "2021.03.09"]
[Round "5"]
[White "PushingpawnsNYC"]
[Black "Trickster_Pony"]
[Result "1-0"]
[WhiteElo "2304"]
[BlackElo "1461"]
[TimeControl "180+1"]
[EndTime "10:58:38 PST"]
[Termination "PushingpawnsNYC won on time"]

1. e4 c5 2. Nc3 g6 3. Bc4 Bg7 4. Qf3 e6 5. Nb5 d6 6. Qg3 Bf8 7. e5 d5 8. Be2 Nc6 9. a3 a6 10. Nd6+ Bxd6 11. exd6 Nf6 12. Nf3 Ne4 13. Qf4 Qxd6 14.
Qh6 Qf8 15. Qe3 Qg7 16. d3 Nd4 17. Bd1 Nf5 18. Qe2 Nd4 19. Nxd4 Nd6 20. Nf3 O-O 21. O-O Re8 22. Bf4 Nf5 23. c3 f6 24.
Bc2 e5 25. Bd2 Nd6 26. b4 b6 27. bxc5 bxc5 28. Rab1 f5 29. Rb6 e4 30. Rxd6 exf3 31. Qxf3 Qe5 32. Qxd5+ Qxd5 33. Rxd5 Re2 34. Rd1 Bb7 35.
Bb3 Rae8 36. Rd7+ Kh8 37. Rxb7 Rxd2 38. Rf1 Rxd3 39. c4 Re2 40. Bd1 Red2 41. Bf3 Rc2 42. Bd5 1-0